 Dungeon Crawl Stone Soup version 0.31-a0-819-gf6de2f5ab6 (webtiles) character file.

Game seed: 7208580915593461034

6327 randomguy2701 the Thaumaturge (level 10, 0/77 HPs)
             Began as a Gnoll Wanderer on Sept 24, 2023.
             Was an Initiate of Gozag.
             Slain by a polar bear (3 damage)
             ... on level 8 of the Dungeon.
             The game lasted 00:20:51 (8852 turns).

randomguy2701 the Thaumaturge (Gnoll Wanderer)      Turns: 8852, Time: 00:20:53

Health: 0/77       AC: 11    Str: 12    XL:     10   Next: 95%
Magic:  28/34      EV: 11    Int: 19    God:    Gozag
Gold:   979        SH:  0    Dex: 14    Spells: 26/31 levels left

rFire   . .          .
                       - Unarmed
rCold   . . .        (no shield)
rNeg    . . .        C - +1 scale mail {rPois}
rPois   +            g - +1 helmet
rElec   .            (no cloak)
rCorr   .            (no gloves)
SInv    .            (no boots)
Will    .....        z - amulet of magic regeneration
Stlth   ++           o - ring of magical power
HPRegen 0.32/turn    s - +6 ring of dexterity
MPRegen 0.64/turn

%: no passive effects
@: no status effects
A: fangs 1, strong nose, distributed training
a: Renounce Religion, Potion Petition, Call Merchant, Bribe Branch


You were on level 8 of the Dungeon.
You worshipped Gozag.
Gozag was pleased with you.
You visited 2 branches of the dungeon, and saw 9 of its levels.
You also visited: Ossuary.

You collected 1079 gold pieces.
You paid 100 gold pieces to Gozag.

Inventory:

Hand Weapons
 E - a +2 scythe of venom
Missiles
 y - 3 throwing nets
Armour
 g - a +1 helmet (worn)
 v - a +1 robe of willpower
 C - a +1 scale mail of poison resistance (worn)
Jewellery
 o - a ring of magical power (left hand)
 r - a ring of protection from fire
 s - a +6 ring of dexterity (right hand)
 t - an amulet of reflection
 w - a +6 ring of strength
 z - an amulet of magic regeneration (around neck)
 D - an amulet of the acrobat
 J - a +6 ring of intelligence
Wands
 q - a wand of flame (32)
 A - a wand of roots (6)
Scrolls
 a - 2 scrolls of immolation {unknown}
 c - a scroll of silence {unknown}
 d - 2 scrolls of brand weapon {unknown}
 e - 2 scrolls of enchant armour
 f - 3 scrolls of teleportation {unknown}
 i - 2 scrolls of amnesia {unknown}
 m - 5 scrolls of poison {unknown}
 p - a scroll of torment {unknown}
 u - 6 scrolls of identify {unknown}
 B - 2 scrolls of vulnerability {unknown}
 F - a scroll of enchant weapon {unknown}
 H - a scroll of noise {unknown}
Potions
 b - a potion of lignification
 h - 4 potions of enlightenment {unknown}
 j - 2 potions of might {unknown}
 k - 2 potions of curing {unknown}
 l - 4 potions of heal wounds {unknown}
 n - 3 potions of attraction {unknown}
 x - a potion of brilliance {unknown}
 G - 2 potions of cancellation {unknown}
 I - a potion of mutation {unknown}


   Skills:
 + Level 6.4 Fighting
 + Level 5.8 Short Blades
 + Level 5.8 Long Blades
 + Level 5.8 Axes
 + Level 5.8 Maces & Flails
 + Level 5.8 Polearms
 + Level 5.8 Staves
 + Level 5.8 Ranged Weapons
 + Level 5.8 Throwing
 + Level 6.4 Armour
 + Level 5.8 Dodging
 + Level 5.8 Stealth
 + Level 5.8 Shields
 + Level 5.8 Unarmed Combat
 + Level 11.0 Spellcasting
 + Level 4.8 Conjurations
 + Level 4.8 Hexes
 + Level 4.8 Summonings
 + Level 4.8 Necromancy
 + Level 4.8 Translocations
 + Level 4.8 Transmutations
 + Level 8.7 Fire Magic
 + Level 4.8 Ice Magic
 + Level 4.8 Air Magic
 + Level 4.8 Earth Magic
 + Level 4.8 Poison Magic
 + Level 6.4 Invocations
 + Level 5.8 Evocations
 + Level 5.3 Shapeshifting


You had 26 spell levels left.
You knew the following spells:

 Your Spells              Type           Power      Damage    Failure   Level
a - Foxfire               Conj/Fire      100%       2x1d9     1%          1
b - Flame Wave            Conj/Fire      36%        2d10      19%         4

Your spell library contained the following spells:

 Spells                   Type           Power      Damage    Failure   Level
 Magic Dart               Conj           100%       1d8       4%          1
 Necrotise                Necr           100%       1d9       4%          1
 Inner Flame              Hex/Fire       36%        N/A       5%          3
 Call Imp                 Summ           56%        N/A       6%          2
 Mephitic Cloud           Conj/Pois/Air  28%        N/A       12%         3
 Vampiric Draining        Necr           28%        2d8       12%         3


Dungeon Overview and Level Annotations

Branches:
Dungeon (8/15)             Temple (1/1) D:5            Lair (0/5) D:8
Ossuary (visited)

Altars:
Ashenzari
Cheibriados
Dithmenos
Elyvilon
Fedhas
Gozag
Hepliaklqana
Kikubaaqudgha
Makhleb
Nemelex Xobeh
Okawaru
Qazlal
Ru
Sif Muna
Trog
Uskayaw
Vehumet
Wu Jian
Xom
Yredelemnul
Zin
The Shining One

Shops:
D:2 *

Annotations:
D:6 1 runed translucent door, Crazy Yiuf
D:8 3 runed translucent doors, pokeman's ghost, novice DEHW


Innate Abilities, Weirdness & Mutations

You have very sharp teeth.
Your uncanny sense of smell can sniff out nearby items.
Your experience applies equally to all skills.


Message History

You kill the orc! (Press . to intensify the flame waves.)
The foxfire hits the polar bear.
The polar bear is severely wounded.
The polar bear bites you! The polar bear barely misses you. x2
Unknown command.
A wave of flame ripples out!
The flame wave engulfs the polar bear.
The polar bear is almost dead.
The polar bear bites you!
* * * LOW HITPOINT WARNING * * *
The polar bear claws you but does no damage. x2
Unknown command.
A wave of flame ripples out!
The flame wave engulfs the polar bear but does no damage.
The polar bear is almost dead.
You finish channelling waves of flame.
You hear a shout!
The polar bear goes berserk!
Unknown command.
Casting: Flame Wave (dangerous; 19% risk of failure)
Confirm with . or Enter, or press ? or * to list all spells.
You conjure some foxfire!
The polar bear bites you!
* * * LOW HITPOINT WARNING * * *
The polar bear closely misses you.
The polar bear claws you but does no damage.
The polar bear bites you but does no damage.
The polar bear closely misses you.
The polar bear claws you but does no damage.
Your foxfire dissipates!
The foxfire hits the polar bear.
The polar bear is almost dead.
An orc comes into view. It is wielding a +0 falchion.
Aiming: Throw Flame
Press: ? - help, Q - select action, (/) - cycle Shift-Dir - straight line, f - polar bear
Aim: a polar bear (almost dead, berserk, 81% to hit)
The puff of flame hits the polar bear.
The polar bear is almost dead.
The polar bear barely misses you. The polar bear claws you.
You die...
Your body crumbles into a pile of gold.

........#####
#.#.# .
........#
#.#.# ∆.
##########
#.#.# ∆. #.#
#.#.# . #.#
#.#.# ∆.
#.######.#.#
.
#........#.#
.
##########.##
. ....?..@h.#
.
########.$o.#
. ##.#.# #
.#..# .# ...
.# ... .# #.#
.#


You could see a polar bear (berserk) and an orc.

Vanquished Creatures
  A two-headed ogre (D:8)
  Pikel (D:6)
  Maurice (D:8)
  An unseen horror (D:8)
  Grinder (D:3)
  Prince Ribbit (D:6)
  Sigmund (D:6)
  A yak (D:8)
  2 basilisks (D:8)
  2 water moccasins
  3 orc warriors
  3 ogres
  4 black bears (D:8)
  2 ice beasts
  2 wolves (D:8)
  4 centaurs
  4 lemures
  A phantom (D:4)
  Blork the orc (D:6)
  A kobold brigand (D:8)
  2 gnoll sergeants (D:7)
  3 elf zombies (Ossuary)
  4 scorpions
  4 bullfrogs (D:7)
  3 centaur zombies (Ossuary)
  3 orc priests
  3 jellies
  6 hounds
  4 iguanas
  2 orc wizards
  A centaur simulacrum (D:8)
  2 mummies (Ossuary)
  8 gnolls (D:7)
  7 adders
  4 white imps
  3 adder zombies (Ossuary)
  13 dart slugs
  30 orcs
  7 bats
  9 endoplasms
  3 giant cockroaches
  7 goblins
  6 hobgoblins
  10 jackals
  13 kobolds
  4 quokkas
  3 ball pythons
  A frilled lizard (D:1)
  11 hobgoblin zombies (Ossuary)
  2 jackal zombies (Ossuary)
  7 kobold zombies (Ossuary)
  7 orc zombies (Ossuary)
  9 rats
238 creatures vanquished.

Vanquished Creatures (others)
  838 foxfires
838 creatures vanquished.

Grand Total: 1076 creatures vanquished

Notes
Turn   | Place    | Note
-------+----------+-------------------------------------------
     0 | D:1      | Reached skill level 9 in Spellcasting
     0 | D:1      | randomguy2701 the Gnoll Wanderer began the quest for the
                  | Orb.
     0 | D:1      | randomguy2701 set off with the following items: a +0 club,
                  | a potion of lignification, a +0 scale mail; and the
                  | following spells available to memorise: Foxfire, Inner
                  | Flame, Necrotise, Flame Wave, Vampiric Draining.
     0 | D:1      | Reached XP level 1. HP: 17/17 MP: 10/10
    43 | D:1      | Learned a level 1 spell: Foxfire
   146 | D:1      | Reached XP level 2. HP: 23/23 MP: 8/12
   463 | D:1      | Found a faded altar of an unknown god.
   663 | D:1      | Reached XP level 3. HP: 25/28 MP: 9/13
  1146 | D:2      | Reached skill level 1 in Invocations
  1325 | D:2      | Reached skill level 1 in Short Blades
  1325 | D:2      | Reached skill level 1 in Long Blades
  1325 | D:2      | Reached skill level 1 in Axes
  1325 | D:2      | Reached skill level 1 in Maces & Flails
  1325 | D:2      | Reached skill level 1 in Polearms
  1325 | D:2      | Reached skill level 1 in Staves
  1325 | D:2      | Reached skill level 1 in Ranged Weapons
  1325 | D:2      | Reached skill level 1 in Throwing
  1325 | D:2      | Reached skill level 1 in Dodging
  1325 | D:2      | Reached skill level 1 in Stealth
  1325 | D:2      | Reached skill level 1 in Shields
  1325 | D:2      | Reached skill level 1 in Unarmed Combat
  1325 | D:2      | Reached skill level 1 in Evocations
  1370 | D:2      | Found Keinnah's General Store.
  1465 | D:2      | Reached skill level 1 in Shapeshifting
  1465 | D:2      | Reached XP level 4. HP: 34/34 MP: 10/15
  1791 | D:3      | Reached skill level 1 in Conjurations
  1791 | D:3      | Reached skill level 1 in Hexes
  1791 | D:3      | Reached skill level 1 in Summonings
  1791 | D:3      | Reached skill level 1 in Necromancy
  1791 | D:3      | Reached skill level 1 in Translocations
  1791 | D:3      | Reached skill level 1 in Transmutations
  1791 | D:3      | Reached skill level 1 in Ice Magic
  1791 | D:3      | Reached skill level 1 in Air Magic
  1791 | D:3      | Reached skill level 1 in Earth Magic
  1791 | D:3      | Reached skill level 1 in Poison Magic
  2261 | D:3      | Noticed Grinder
  2286 | D:3      | Killed Grinder
  2287 | D:3      | Reached XP level 5. HP: 34/41 MP: 7/17
  2287 | D:3      | Reached XP level 6. HP: 39/47 MP: 7/18
  2623 | D:3      | Found a hide-covered altar of Uskayaw.
  2933 | D:4      | Reached XP level 7. HP: 46/52 MP: 20/20
  3474 | D:4      | Found a sacrificial altar of Ru.
  3488 | D:4      | Found a bloodstained altar of Trog.
  4016 | D:5      | Entered Level 5 of the Dungeon
  4377 | D:5      | Found a radiant altar of Vehumet.
  4419 | D:5      | Reached XP level 8. HP: 54/60 MP: 21/21
  4483 | D:5      | Found a staircase to the Ecumenical Temple.
  4512 | D:5      | You fall into a shaft and drop 1 floor!
  4513 | D:6      | Noticed Blork the orc
  4527 | D:6      | Killed Blork the orc
  4626 | D:6      | Noticed Prince Ribbit
  4642 | D:6      | Killed Prince Ribbit
  4646 | D:6      | Reached skill level 10 in Spellcasting
  4774 | D:6      | Noticed Sigmund
  4779 | D:6      | Killed Sigmund
  4789 | D:6      | Learned a level 4 spell: Flame Wave
  4975 | D:6      | Found a runed translucent door.
  4976 | D:6      | Noticed Crazy Yiuf
  5071 | D:6      | Reached XP level 9. HP: 66/66 MP: 23/23
  5307 | D:6      | Noticed Pikel
  5565 | Temple   | Entered the Ecumenical Temple
  5588 | Temple   | Became a worshipper of Gozag Ym Sagoz the Greedy
  6077 | D:6      | Killed Pikel
  6078 | D:6      | Reached skill level 5 in Fighting
  6078 | D:6      | Reached skill level 5 in Armour
  6673 | D:7      | Reached skill level 5 in Invocations
  7248 | D:7      | Found a glowing silver altar of Zin.
  7248 | D:7      | Found a shimmering blue altar of Sif Muna.
  7249 | D:7      | Found a broken altar of Ashenzari.
  7423 | D:8      | Reached XP level 10. HP: 75/75 MP: 24/24
  7444 | D:8      | Reached skill level 5 in Short Blades
  7444 | D:8      | Reached skill level 5 in Long Blades
  7444 | D:8      | Reached skill level 5 in Axes
  7444 | D:8      | Reached skill level 5 in Maces & Flails
  7444 | D:8      | Reached skill level 5 in Polearms
  7444 | D:8      | Reached skill level 5 in Staves
  7444 | D:8      | Reached skill level 5 in Ranged Weapons
  7444 | D:8      | Reached skill level 5 in Throwing
  7444 | D:8      | Reached skill level 5 in Dodging
  7444 | D:8      | Reached skill level 5 in Stealth
  7444 | D:8      | Reached skill level 5 in Shields
  7444 | D:8      | Reached skill level 5 in Unarmed Combat
  7444 | D:8      | Reached skill level 5 in Evocations
  7445 | D:8      | Noticed a two-headed ogre
  7455 | D:8      | Killed a two-headed ogre
  7505 | D:8      | Noticed Maurice
  7537 | D:8      | Killed Maurice
  7538 | D:8      | Reached skill level 5 in Shapeshifting
  7757 | D:8      | Found a staircase to the Lair.
  7834 | D:8      | Killed an unseen horror
  7876 | D:8      | Found a sand-covered staircase.
  7881 | Ossuary  | Entered an ossuary
  8101 | Ossuary  | Reached skill level 11 in Spellcasting
  8532 | D:8      | Found a runed translucent gate.
  8532 | D:8      | Noticed pokeman's ghost (novice DEHW)
  8534 | D:8      | Found a runed translucent gate.
  8535 | D:8      | Found a runed translucent gate.
  8850 | D:8      | HP: 2/77 [polar bear (17)]
  8852 | D:8      | Slain by a polar bear

Illustrated notes

Levels and vault maps discovered:
D:1:      dpeg_arrival_refuge, layout_loops_ring,
          shapermc_ecumenical_altar_notcrosses
D:2:      layout_rooms, serial_shops, nicolae_shop_peninsula
D:3:      kennysheep_slugbush, layout_basic, mainiacjoe_overflow_brackets,
          kennysheep_cross_room, uniq_grinder
D:4:      layout_basic, mainiacjoe_overflow_swirl, serial_rivers,
          chequers_serial_rivers_micro_e, chequers_serial_rivers_micro_e,
          chequers_serial_rivers_micro_e, chequers_serial_rivers_micro_d,
          chequers_serial_rivers_micro_b, chequers_serial_rivers_large_a,
          corner_web_ring
D:5:      layout_basic, vehumet_altar_wand_db, minmay_temple_entry_sparse_star
D:6:      layout_rooms, uniq_pikel, uniq_crazy_yiuf_cottage,
          uniq_prince_ribbit1, uniq_sigmund, uniq_blork_the_orc
D:7:      layout_gridville, gammafunk_temple_overflow_claw,
          kennysheep_generic_room_8
D:8:      layout_basic, minmay_lair_entry_grove, biasface_ghost_orc_armoury,
          serial_ice, serial_ice_d, serial_ice_h, serial_ice_e, serial_ice_g,
          enter_ossuary_2, amcnicky_mini_rare_corridor_liquid,
          kennysheep_path_1, uniq_maurice
Temple:   nicolae_temple_superstar

Skill      XL: |  1  2  3  4  5  6  7  8  9 10 |
---------------+-------------------------------+-----
Spellcasting   | 10 11 | 11.0
Invocations    | 1 2 3 4 5 6 |  6.4
Short Blades   | 1 2 3 4 5 |  5.8
Long Blades    | 1 2 3 4 5 |  5.8
Axes           | 1 2 3 4 5 |  5.8
Maces & Flails | 1 2 3 4 5 |  5.8
Polearms       | 1 2 3 4 5 |  5.8
Staves         | 1 2 3 4 5 |  5.8
Ranged Weapons | 1 2 3 4 5 |  5.8
Throwing       | 1 2 3 4 5 |  5.8
Dodging        | 1 2 3 4 5 |  5.8
Stealth        | 1 2 3 4 5 |  5.8
Shields        | 1 2 3 4 5 |  5.8
Unarmed Combat | 1 2 3 4 5 |  5.8
Evocations     | 1 2 3 4 5 |  5.8
Shapeshifting  | 1 2 3 4 5 |  5.3
Conjurations   | 1 2 3 4 |  4.8
Hexes          | 1 2 3 4 |  4.8
Summonings     | 1 2 3 4 |  4.8
Necromancy     | 1 2 3 4 |  4.8
Translocations | 1 2 3 4 |  4.8
Transmutations | 1 2 3 4 |  4.8
Ice Magic      | 1 2 3 4 |  4.8
Air Magic      | 1 2 3 4 |  4.8
Earth Magic    | 1 2 3 4 |  4.8
Poison Magic   | 1 2 3 4 |  4.8
Fighting       | 3 4 5 6 |  6.4
Armour         | 3 4 5 6 |  6.4
Fire Magic     | 8 |  8.7

Action                     |  1- 3 |  4- 6 |  7- 9 | 10-12 || total
---------------------------+-------+-------+-------+-------++-------
  Melee: Club              |     9 |       |       |       ||     9
         Halberd           |       |       |       |    50 ||    50
         Bite              |       |       |       |     3 ||     3
   Cast: Foxfire           |    65 |    98 |   294 |    41 ||   498
         Flame Wave        |       |       |     9 |    11 ||    20
  Evoke: Wand              |       |       |       |     2 ||     2
    Use: Scroll            |       |       |       |     1 ||     1
   Stab: Sleeping          |       |       |       |     2 ||     2
 Armour: Scale mail        |    27 |    26 |    98 |   141 ||   292
         Robe              |       |       |    26 |       ||    26
  Dodge: Dodged            |    19 |    26 |    87 |    58 ||   190

Table legend: (Time is in decaauts)
 A = Elapsed time spent in this place.
 B = Non-inter-level travel time spent in this place.
 C = Inter-level travel time spent in this place.
 D = Time resting spent in this place.
 E = Time spent auto-exploring this place.
 F = Levels seen in this place.
 G = Mean time per level.
                   A        B        C        D        E       F      G
               +--------+--------+--------+--------+--------+-----+--------+
         Total |   8884 |   8545 |    339 |      0 |   7053 |  10 |  888.4 |
       Dungeon |   8476 |   8183 |    293 |      0 |   6824 |   8 | 1059.5 |
        Temple |     46 |      1 |     45 |      0 |      0 |   1 |   46.0 |
       Ossuary |    361 |    361 |      0 |      0 |    229 |   1 |  361.0 |
               +--------+--------+--------+--------+--------+-----+--------+

Top non-repeatable levels by time:
     D:3: 1252 daAuts
     D:6: 1189 daAuts
     D:5: 1162 daAuts
     D:4: 1118 daAuts
     D:8: 1096 daAuts
     D:1: 1043 daAuts
     D:7: 990 daAuts
     D:2: 622 daAuts
 Ossuary: 361 daAuts
  Temple: 46 daAuts
